 Dungeon Crawl Stone Soup version 0.31-a0-536-ga3e2962e35 (webtiles) character file.

Game seed: 18192869966646044775

151 AIAndy the Changeling (level 5, -3/49 HPs)
             Began as an Octopode Shapeshifter on Aug 13, 2023.
             Frozen to death by an endoplasm (4 damage)
             ... on level 3 of the Dungeon.
             The game lasted 00:06:14 (2555 turns).

AIAndy the Changeling (Octopode Shapeshifter)       Turns: 2555, Time: 00:06:16

Health: -3/49      AC: 22    Str: 16    XL:     5   Next: 33%
Magic:  5/5        EV:  2    Int: 11    God:
Gold:   227        SH:  0    Dex: 12    Spells: 4/4 levels left

rFire   . .          .
                       - Unarmed
rCold   . . .        (no shield)
rNeg    . . .        l - melded +2 hat
rPois   +            (no amulet)
rElec   .            (no ring)
rCorr   .            (no ring)
SInv    .            (no ring)
Will    .....        (no ring)
Stlth   +            (no ring)
HPRegen 0.28/turn    (no ring)
MPRegen 0.09/turn    (no ring)
                     (no ring)

%: no passive effects
@: confused, tree-form
A: stationary, stasis, torment immunity, boosted hp, almost no armour,
(amphibious), 8 rings, (camouflage 1), (gelatinous body 1), (nimble swimmer 1),
(tentacles)
a: no special abilities


You were on level 3 of the Dungeon.
You were a tree.
You visited 1 branch of the dungeon, and saw 3 of its levels.

You collected 227 gold pieces.


Innate Abilities, Weirdness & Mutations

You are a tree.
Your roots penetrate the ground, keeping you stationary.
You cannot be teleported.
You are immune to unholy pain and torment.
Your maximum health is greatly increased.
You cannot wear most types of armour.
((You are amphibious.))
You can wear up to eight rings at the same time.
((Your skin changes colour to match your surroundings (Stealth+).))
((Your rubbery body absorbs attacks. (AC +1, EV +1)))
((You are camouflaged when in or above water. (Stealth+)))
((You have tentacles for arms and can constrict up to eight enemies at once.))


   Skills:
 - Level 1.0 Fighting
 - Level 2.0 Dodging
 - Level 3.3 Unarmed Combat
 * Level 5.0 Shapeshifting


You had 4 spell levels left.
You didn't know any spells.
Your spell library contained the following spells:

 Spells                   Type           Power      Damage    Failure   Level
 Malign Gateway           Summ/Tloc      0%         N/A       100%        7
 Summon Horrible Things   Summ           0%         N/A       100%        8

Inventory:

Missiles
 f - 5 poisoned darts
 p - 4 boomerangs
Armour
 l - a +2 hat (melded)
Talismans
 b - a beast talisman
 c - a flux talisman
 g - a blade talisman
 o - a maw talisman
Wands
 q - a wand of flame (7)
Scrolls
 d - a scroll of immolation {unknown}
 h - a scroll of brand weapon {unknown}
 j - 5 scrolls of identify {unknown}
 k - a scroll of butterflies {unknown}
 n - a scroll of fear {unknown}
 s - a scroll of teleportation {unknown}
Potions
 e - 2 potions of curing {unknown}
 i - 2 potions of haste {unknown}
 m - a potion of attraction {unknown}
 r - a potion of invisibility {unknown}
 t - a potion of degeneration {unknown}

Dungeon Overview and Level Annotations

Branches:
Dungeon (3/15)

Altars:
Ashenzari
Ru
Uskayaw
Zin

######### #.......# #.#
#....)..########.# . .....##
+.......'......#.#####... #.....#
#.......######.#..........#.....#
#.......# #.#........ .......#
#.......## #.#.....o... #.....#
#........#####.#Jo.?o.....#.#...#
.......[.......)♣).o...o......>.#
..##...#.#####.#o....... #......
..####.#.# #.#.#...### #....<#
..# #.#.# #.#.#...# #.....# ###
#.#.# #.#.# ### ###...#
######.#.# #.#.# .....#
.......#.# #.#.# ####..##
########.. #.#.# #.......
#.......


You could see an orc priest, 5 orcs and an endoplasm.


Message History

The endoplasm hits you but does no damage.
You cannot move. (Use ctrl+direction or * direction to attack while stationary and confused.)
You cannot move. (Use ctrl+direction or * direction to attack while stationary and confused.)
The orc priest shouts!
You hit the orc wizard.
You kill the orc wizard!
You hear a shout!
The endoplasm hits you but does no damage.
An orc comes into view. It is wielding a +0 hand axe.
The orc hits you but does no damage.
Your Shapeshifting skill increases to level 5!
You swing at nothing.
The endoplasm hits you but does no damage.
The orc barely misses you.
The orc shouts!
You hit the orc but do no damage.
You swing at nothing.
The endoplasm hits you but does no damage.
The orc hits you with a +0 hand axe.
* * * LOW HITPOINT WARNING * * *
You barely miss the endoplasm. The orc barely misses you.
The endoplasm hits you but does no damage.
The orc hits you with a +0 war axe.
* * * LOW HITPOINT WARNING * * *
An orc comes into view. It is wielding a +0 flail of venom.
You hit the endoplasm but do no damage. The orc hits you with a +0 hand axe.
* * * LOW HITPOINT WARNING * * *
The endoplasm freezes you.
You are frozen.
You die...

Skill      XL: |  1  2  3  4  5 |
---------------+----------------+-----
Shapeshifting  | 4 5 |  5.0
Fighting       | |  1.0
Dodging        | |  2.0
Unarmed Combat | |  3.3

Action                     |  1- 3 |  4- 6 || total
---------------------------+-------+-------++-------
  Melee: Unarmed           |    41 |    51 ||    92
         Constrict         |    10 |    11 ||    21
         Tentacles         |     9 |     6 ||    15
    Use: Potion            |       |     1 ||     1
   Stab: Sleeping          |     2 |     5 ||     7
 Armour: Skin              |     1 |    16 ||    17
  Dodge: Dodged            |    25 |    23 ||    48
   Form: Blade             |       |     1 ||     1

Levels and vault maps discovered:
D:1:      dpeg_arrival_circle_labyrinth_b, layout_loops_corners, chequers_avenue
D:2:      layout_basic, minmay_heptomino_l4, uniq_jessica
D:3:      layout_basic, grunt_temple_overflow_open, minmay_gold_behind_fungi

Notes
Turn   | Place    | Note
-------+----------+-------------------------------------------
     0 | D:1      | AIAndy the Octopode Shapeshifter began the quest for the
                  | Orb.
     0 | D:1      | Reached XP level 1. HP: 13/13 MP: 1/1
   191 | D:1      | Reached XP level 2. HP: 10/18 MP: 2/2
   746 | D:1      | Reached XP level 3. HP: 23/23 MP: 3/3
  1379 | D:2      | HP: 1/23 [gnoll/+0 halberd (13)]
  1383 | D:2      | Reached skill level 4 in Shapeshifting
  1481 | D:2      | Reached XP level 4. HP: 28/28 MP: 4/4
  1604 | D:2      | Noticed Jessica
  1611 | D:2      | Killed Jessica
  2043 | D:2      | Reached XP level 5. HP: 18/33 MP: 5/5
  2442 | D:3      | Found a broken altar of Ashenzari.
  2444 | D:3      | Found a glowing silver altar of Zin.
  2444 | D:3      | Found a sacrificial altar of Ru.
  2444 | D:3      | Found a hide-covered altar of Uskayaw.
  2551 | D:3      | Reached skill level 5 in Shapeshifting
  2553 | D:3      | HP: 3/49 [orc/+0 hand axe (2)]
  2555 | D:3      | HP: 1/49 [orc/+0 hand axe (2)]
  2555 | D:3      | Frozen to death by an endoplasm

Vanquished Creatures
  Jessica (D:2)
  An orc wizard (D:3)
  3 gnolls (D:2)
  An adder (D:2)
  A worm (D:2)
  A dart slug (D:2)
  An orc (D:3)
  4 ball pythons
  4 bats
  7 endoplasms
  A giant cockroach (D:1)
  7 goblins
  6 hobgoblins
  6 kobolds
  3 quokkas
  5 frilled lizards
  2 rats
54 creatures vanquished.

Table legend: (Time is in decaauts)
 A = Elapsed time spent in this place.
 B = Non-inter-level travel time spent in this place.
 C = Inter-level travel time spent in this place.
 D = Time resting spent in this place.
 E = Time spent auto-exploring this place.
 F = Levels seen in this place.
 G = Mean time per level.
                   A        B        C        D        E       F      G
               +--------+--------+--------+--------+--------+-----+--------+
         Total |   2551 |   2335 |    216 |    127 |   1822 |   3 |  850.3 |
       Dungeon |   2551 |   2335 |    216 |    127 |   1822 |   3 |  850.3 |
               +--------+--------+--------+--------+--------+-----+--------+

Top non-repeatable levels by time:
     D:1: 1437 daAuts
     D:2: 771 daAuts
     D:3: 342 daAuts

Table legend:
 A = Non-vault XP
 B = Vault XP
 C = Vault XP percentage of total XP
 D = Non-vault monster count
 E = Vault monster count
 F = Vault count percentage of total count
                 A         B        C        D         E       F
            +---------+---------+-------+---------+---------+-------
      Total |     159 |      57 |  26.4 |      49 |       5 |   9.3
            +---------+---------+-------+---------+---------+-------
        D:1 |      37 |       0 |   0.0 |      21 |       0 |   0.0
        D:2 |      75 |      57 |  43.2 |      21 |       5 |  19.2
        D:3 |      47 |       0 |   0.0 |       7 |       0 |   0.0
            +---------+---------+-------+---------+---------+-------
